cohdb
Replays
Latest Replays
All Replays
Popular Replays
Top Player Replays
Match Explorer
How It Works
Community
CoH3 Stats
Reddit
Sign in to upload your games and track your stats! →
Sign in with Steam
Match 38791030
Unlisted
Match 38791030
Overview
Messages
Build Orders
End
Panzerpioneer Squad
Panzergrenadier Squad
250 Light Carrier
Construct Light Support Kompanie
Combat Half-tracks
Assault Grenadier Squad
Construct Mechanized Kompanie
Assault Mechanized Group
Support Armor Elements
StuG III D Assault Gun
Marder III Tank Destroyer
254 Reconnaissance Tractor
Vehicle Survival Package
Emergency Repair Kits
Construct Panzerarmee Kommand
Selects Armored Support Battlegroup
Selects Armored Support Battlegroup
Selects Salvage Kits
Selects Panzer Storm
Marder III Tank Destroyer
Armored Reserves
Veteran Squad Leaders
Selects Stuka Anti-tank Loiter
Selects Superior Fire Drills
Stuka Anti-tank Loiter
Rapid Advance
Panzer IV Assault Group
Tungsten Core Ammunition
Selects Flammpanzer III Medium Tank
Walking Stuka Rocket Launcher
2.5-tonne Medical Truck
MG34 Team
Panzer III L Medium Tank
Advanced Field Repairs
sharpshooter
Lelano
Spades86
RedLeaderToBase
0
0
Comments
sign in to comment!
No comments posted yet!